AoeStats
← SleekDust5880

Arena

509579698Analyzed
1v1 RM · 4d ago on Sep 27, 2026· 30m 1s· 2 players
Game mode
Random Map
Map size
Tiny (2 player)
Population
200
Speed
Normal
Resources
Standard
Victory
Conquest
Starting age
Dark Age
Ending age
Imperial Age
RankedLock teamsTeams togetherTeam positionsShared explorationLock speedFull tech treeHidden civsTurbo modeCheats
Victory
Defeat
🇦🇺 Mongols · Australia
580
+15
554
-15
王力姑宝小儿心
11:05 Feudal Age
15:22 Castle Age
13:51 Horse Collar
14:16 Double-Bit Axe
16:48 Heavy Plow
16:59 Bow Saw
17:57 Wheelbarrow
24:00 Hand Cart
23:36 Gold Mining
26:43 Scale Barding Armor
28:04 Devotion
29:19 Husbandry
29:34 Forging
SleekDust5880
11:46 Feudal Age
10:02 Loom
13:30 Double-Bit Axe
13:29 Horse Collar
18:30 Castle Age
17:15 Gold Mining
17:36 Stone Mining
25:41 Squires
25:27 Arson
26:15 Murder Holes
Connection lost

Rejoining the realm…

Still unreachable

The connection could not be restored.

Session expired

The server has moved on; the page needs a fresh start.